 Dungeon Crawl Stone Soup version 0.32-a0-558-g233958a4c4 (webtiles) character file.

Game seed: 6875775712257507298

4587 mopl the Covert (level 10, -5/44 HPs)
             Began as a Vine Stalker Enchanter on Mar 1, 2024.
             Was an Initiate of Nemelex Xobeh.
             Slain by Prince Ribbit (12 damage)
             ... in a bailey.
             The game lasted 00:13:04 (6817 turns).

mopl the Covert (Vine Stalker Enchanter)            Turns: 6817, Time: 00:13:05

Health: -5/44      AC:  9    Str: 11    XL:     10   Next: 41%
Magic:  0/23       EV: 12    Int: 25    God:    Nemelex Xobeh [......]
Gold:   226        SH:  0    Dex: 15    Spells: 14/25 levels left

rFire   . . .        a - +3 dagger
rCold   . . .        (no shield)
rNeg    + . .        E - +2 robe {rN+}
rPois   .            (no helmet)
rElec   .            u - +2 cloak
rCorr   .            v - +0 pair of gloves
SInv    .            j - +0 pair of boots
Will    +....        (no amulet)
Stlth   +++++        s - ring of flight
HPRegen 1.07/turn    D - +6 ring of intelligence
MPRegen 0.18/turn

%: guardian spirit
@: flying, invisible
A: fangs 3, regeneration 1, magic shield, antimagic bite, no potion heal 2
a: Renounce Religion, Draw Escape, Draw Destruction, Draw Summoning


You were in a bailey.
You worshipped Nemelex Xobeh.
Nemelex Xobeh was noncommittal.
You visited 2 branches of the dungeon, and saw 8 of its levels.
You also visited: Sewer and Bailey.

You collected 394 gold pieces.
You spent 168 gold pieces at shops.

Inventory:

Hand Weapons
 a - a +3 dagger (weapon)
 B - a +0 short sword of electrocution
 H - a +0 dagger of venom
Missiles
 k - 2 boomerangs
 I - 2 silver javelins
Armour
 b - a +0 buckler
 j - a +0 pair of boots (worn)
 u - a +2 cloak (worn)
 v - a +0 pair of gloves (worn)
 E - a +2 robe of positive energy (worn)
 F - an orb of light
Jewellery
 s - a ring of flight (left hand)
 D - a +6 ring of intelligence (right hand)
Wands
 G - a wand of iceblast (8)
 O - a wand of flame (19)
 Q - a wand of paralysis (2)
Scrolls
 d - a scroll of silence {unknown}
 e - 3 scrolls of noise {unknown}
 g - 4 scrolls of identify {unknown}
 o - 5 scrolls of amnesia {unknown}
 q - a scroll of brand weapon {unknown}
 r - 3 scrolls of revelation {unknown}
 t - 2 scrolls of teleportation {unknown}
 w - a scroll of blinking {unknown}
 y - a scroll of fear {unknown}
 A - 3 scrolls of torment {unknown}
 C - 2 scrolls of summoning {unknown}
 J - a scroll of enchant armour {unknown}
 K - a scroll of acquirement {unknown}
 L - a scroll of vulnerability {unknown}
 N - a scroll of enchant weapon {unknown}
Potions
 c - 3 potions of invisibility
 f - 2 potions of might {unknown}
 h - 3 potions of lignification {!q}
 i - 3 potions of curing
 l - a potion of attraction
 m - 3 potions of enlightenment
 n - a potion of cancellation {unknown}
 p - 2 potions of brilliance {unknown}
 x - a potion of berserk rage {!q}
 z - 5 potions of heal wounds {unknown}
 M - a potion of magic {unknown}
 P - a potion of ambrosia {unknown}


   Skills:
 + Level 5.1 Short Blades
 - Level 1.5 Dodging
 * Level 10.9 Stealth
 * Level 8.1 Spellcasting
 * Level 8.4 Hexes
 + Level 1.9 Evocations


You had 14 spell levels left.
You knew the following spells:

 Your Spells              Type           Power      Damage    Failure   Level
a - Dazzling Flash        Conj/Hex       62%        N/A       3%          3
b - Ensorcelled Hibernat  Hex/Ice        62%        N/A       1%          2
c - Confusing Touch       Hex            51%        N/A       1%          3
d - Tukima's Dance        Hex            51%        N/A       1%          3

Your spell library contained the following spells:

 Spells                   Type           Power      Damage    Failure   Level
 Necrotise                Necr           40%        1d6       6%          1
 Vampiric Draining        Necr           10%        2d6       19%         3
 Martyr's Knell           Necr/Summ      10%        N/A       52%         4
 Curse of Agony           Necr           10%        N/A       86%         5


Dungeon Overview and Level Annotations

Branches:
Dungeon (7/15)             Temple (1/1) D:6           Sewer (visited)
 Bailey (1/1)

Altars:
Ashenzari
Cheibriados
Dithmenos
Elyvilon
Fedhas
Gozag
Hepliaklqana
Kikubaaqudgha
Makhleb
Nemelex Xobeh
Okawaru
Qazlal
Ru
Sif Muna
Trog
Uskayaw
Vehumet
Xom
Zin
The Shining One

Shops:
D:3 !

Annotations:
D:3 2 runed translucent doors, TobyConnect's ghost, amateur OpFi Bailey Prince Ribbit


Innate Abilities, Weirdness & Mutations

You have razor-sharp teeth.
Your natural rate of healing is unusually fast.
When hurt, damage is shared between your health and your magic reserves.
Your bite disrupts and absorbs the magic of your enemies.
Potions cannot restore your health.


Message History

Confirm with . or Enter, or press ? or * to list all spells.
Aiming: Ensorcelled Hibernation (safe; 1% risk of failure)
Press: ? - help, Shift-Dir - straight line, f/p - Prince Ribbit
Aim: Prince Ribbit (chance to affect: 43%) Prince Ribbit resists with some effort.
Prince Ribbit closely misses you.
Casting: Ensorcelled Hibernation (safe; 1% risk of failure)
Confirm with . or Enter, or press ? or * to list all spells.
Aiming: Ensorcelled Hibernation (safe; 1% risk of failure)
Press: ? - help, Shift-Dir - straight line, f - vault guard, p - Prince Ribbit
Aim: a vault guard, wielding a +0 broad axe and wearing a +0 plate armour (chance to affect: 26%)
The vault guard looks drowsy...
Prince Ribbit croaks regally.
The helpless vault guard fails to defend itself.
You spit the vault guard like a pig!!!
The vault guard is almost dead.
Prince Ribbit hits you!
The vault guard hits you but does no damage.
Prince Ribbit hits you!
You hit the vault guard but do no damage.
You bite the vault guard, but do no damage.
The vault guard is almost dead.
Prince Ribbit closely misses you.
You hit the vault guard but do no damage.
The vault guard is almost dead.
The vault guard hits you with a +0 broad axe!
Prince Ribbit barely misses you.
You barely miss the vault guard. Your bite misses the vault guard.
The vault guard is almost dead.
The vault guard hits you with a +0 broad axe!
Prince Ribbit barely misses you.
You hit the vault guard.
The vault guard is almost dead.
Prince Ribbit hits you!
* * * LOW HITPOINT WARNING * * *
The vault guard hits you with a +0 broad axe!
* * * LOW HITPOINT WARNING * * *
You fade into invisibility!
Prince Ribbit hits you!
You die...
Your body disappears without a glow.

###'###..####'###
#≈~..≈#..'.)....#
#≈~..≈####......#
##≈~.≈##≈##....)#
#≈~.~≈≈~≈#....##
#≈~.~~~~≈##..##
##≈~...~~~≈#.##
#≈~....~~~≈###
##≈~@.~~~~~≈#
#+###≈~Fp..~~~~≈#
#.≈≈≈~).~..~~~~≈#
##..........~~≈##
#~~~......~~~≈#
##~~~##'##~~≈##
##~##...##≈##
###.....###
#..∩..#


You could see a vault guard and Prince Ribbit (unable to see you).

Vanquished Creatures
  Pikel (D:4)
  4 humans (Bailey)
  Edmund (D:4)
  2 water moccasins
  2 orc warriors (Bailey)
  An ice beast (D:5)
  Duvessa (D:5)
  A sky beast (D:6)
  A centaur (D:6)
  A crocodile (Sewer)
  An ogre (D:6)
  A phantom (D:6)
  11 bullfrogs
  A brain worm (Sewer)
  Blork the orc (D:5)
  5 scorpions
  2 wights (D:6)
  Dowan (D:5)
  2 howler monkeys
  A bombardier beetle (D:6)
  4 hounds
  4 orc priests
  A jelly (D:6)
  2 sleepcaps
  3 iguanas
  Natasha (thrice) (D:4)
  3 orc wizards
  2 gnolls (D:7)
  8 adders
  A shadow imp (D:7)
  4 ufetubi
  5 dart slugs
  18 orcs
  10 endoplasms
  3 giant cockroaches (D:4)
  10 goblins
  11 hobgoblins
  6 jackals (D:1)
  5 quokkas
  4 ball pythons
  18 bats
  3 frilled lizards
  6 kobolds
  4 rats
179 creatures vanquished.

Vanquished Creatures (collateral kills)
  A gnoll sergeant (D:7)
  3 wights (D:6)
  Crazy Yiuf (D:3)
  3 gnolls (D:7)
8 creatures vanquished.

Vanquished Creatures (others)
  A dancing weapon (D:6)
1 creature vanquished.

Grand Total: 188 creatures vanquished

Notes
Turn   | Place    | Note
-------+----------+-------------------------------------------
     0 | D:1      | mopl the Vine Stalker Enchanter began the quest for the
                  | Orb.
     0 | D:1      | Reached XP level 1. HP: 9/9 MP: 4/4
    64 | D:1      | Reached skill level 1 in Short Blades
    82 | D:1      | Reached XP level 2. HP: 13/13 MP: 4/6
    89 | D:1      | Learned a level 2 spell: Ensorcelled Hibernation
   194 | D:1      | Reached skill level 4 in Stealth
   308 | D:1      | Reached XP level 3. HP: 16/16 MP: 5/8
   312 | D:1      | Learned a level 3 spell: Confusing Touch
   935 | D:2      | Found a faded altar of an unknown god.
  1296 | D:2      | Reached skill level 3 in Spellcasting
  1296 | D:2      | Reached XP level 4. HP: 21/21 MP: 6/9
  1335 | D:2      | Learned a level 3 spell: Tukima's Dance
  1471 | D:2      | You fall into a shaft and drop 1 floor!
  1471 | D:3      | Found Duckim's Distillery.
  1476 | D:3      | Bought a potion of curing for 36 gold pieces
  1476 | D:3      | Bought a potion of enlightenment for 60 gold pieces
  1852 | D:3      | Found a runed translucent door.
  1860 | D:3      | Noticed TobyConnect's ghost (amateur OpFi)
  1939 | D:3      | Found a runed translucent door.
  2071 | D:3      | Reached XP level 5. HP: 24/24 MP: 10/10
  2078 | D:3      | Reached skill level 5 in Stealth
  2110 | D:3      | Found a runed translucent door.
  2111 | D:3      | Noticed Crazy Yiuf
  2329 | D:3      | Found an iron altar of Okawaru.
  2505 | D:3      | Killed Crazy Yiuf
  2506 | D:3      | Reached skill level 4 in Hexes
  2562 | D:3      | Bought a potion of attraction for 36 gold pieces
  2562 | D:3      | Bought a potion of lignification for 36 gold pieces
  2617 | D:4      | Found a stormy altar of Qazlal.
  2648 | D:4      | Noticed Natasha
  2682 | D:4      | Killed Natasha
  2683 | D:4      | Reached skill level 2 in Short Blades
  2707 | D:4      | Reached XP level 6. HP: 22/28 MP: 9/12
  2801 | D:4      | Noticed Natasha
  2801 | D:4      | Noticed Pikel
  2859 | D:4      | Killed Pikel
  2860 | D:4      | Reached skill level 6 in Stealth
  2860 | D:4      | Reached skill level 4 in Spellcasting
  2860 | D:4      | Reached skill level 5 in Hexes
  2860 | D:4      | Reached XP level 7. HP: 32/32 MP: 3/15
  2870 | D:4      | Found a glowing drain.
  2897 | D:4      | Reached skill level 3 in Short Blades
  2906 | Sewer    | Entered a sewer
  2959 | Sewer    | Reached skill level 7 in Stealth
  2959 | Sewer    | Reached skill level 5 in Spellcasting
  2959 | Sewer    | Gained mutation: You have razor-sharp teeth. [Vine Stalker
                  | growth]
  2959 | Sewer    | Reached XP level 8. HP: 36/36 MP: 16/16
  3104 | D:4      | Noticed Edmund
  3210 | D:4      | Killed Edmund
  3528 | D:4      | Killed Natasha
  3615 | D:4      | Reached skill level 6 in Hexes
  3623 | D:4      | Learned a level 3 spell: Dazzling Flash
  3747 | D:5      | Entered Level 5 of the Dungeon
  3747 | D:5      | Noticed Blork the orc
  3758 | D:5      | Killed Blork the orc
  3979 | D:4      | Noticed Natasha
  3988 | D:4      | Killed Natasha
  4056 | D:5      | Reached skill level 8 in Stealth
  4165 | D:5      | Noticed Dowan
  4245 | D:5      | Reached skill level 6 in Spellcasting
  4276 | D:5      | Reached XP level 9. HP: 39/39 MP: 13/19
  4470 | D:5      | Reached skill level 4 in Short Blades
  5280 | D:5      | Noticed Duvessa
  5284 | D:5      | Killed Duvessa
  5285 | D:5      | Reached skill level 9 in Stealth
  5287 | D:5      | Killed Dowan
  5288 | D:5      | Reached skill level 7 in Hexes
  5895 | D:6      | Reached skill level 7 in Spellcasting
  6052 | D:6      | Found a staircase to the Ecumenical Temple.
  6071 | Temple   | Entered the Ecumenical Temple
  6104 | Temple   | Became a worshipper of Nemelex Xobeh the Trickster
  6262 | D:6      | Reached skill level 10 in Stealth
  6555 | D:7      | Reached XP level 10. HP: 44/44 MP: 15/22
  6601 | D:7      | Found a flagged portal.
  6614 | Bailey   | Entered a bailey
  6623 | Bailey   | Reached skill level 1 in Evocations
  6629 | Bailey   | Reached skill level 8 in Hexes
  6685 | Bailey   | Reached skill level 5 in Short Blades
  6757 | Bailey   | Reached skill level 8 in Spellcasting
  6800 | Bailey   | Noticed Prince Ribbit
  6800 | Bailey   | Noticed a vault guard
  6817 | Bailey   | Slain by Prince Ribbit

Illustrated notes

Levels and vault maps discovered:
D:1:      dpeg_arrival_rooms_b, layout_loops_cross
D:2:      layout_loops_corners, hellmonk_ecumenical_altar_slurped_away,
          minmay_heptomino_w4
D:3:      layout_loops_ring, overflow_temple_1_default, serial_shops, shop,
          ebering_ghost_sewer_f, serial_bayou_pond_c, uniq_crazy_yiuf_cottage
D:4:      layout_loops_ring, mainiacjoe_overflow_paths, serial_rivers,
          chequers_serial_rivers_room_b, chequers_serial_rivers_room_a,
          chequers_serial_rivers_micro_d, chequers_serial_rivers_marsh,
          chequers_serial_rivers_room_a, portal_sewer_entry_a, uniq_natasha,
          uniq_pikel, uniq_edmund
D:5:      layout_loops_corners, uniq_duvessa, uniq_blork_the_orc
D:6:      layout_cave_pools, minmay_temple_entry_statues_pillars,
          nicolae_eternal_life, palyth_stone_intersect
D:7:      layout_rooms, enter_bailey_3
Temple:   compressed_dpeg_circular_temple
Bailey:   bailey_axe_froggy_fort_hellmonk, bailey

Skill      XL: |  1  2  3  4  5  6  7  8  9 10 |
---------------+-------------------------------+-----
Short Blades   | 1 2 3 4 5 |  5.1
Stealth        | 4 5 6 7 8 10 | 10.9
Spellcasting   | 3 4 5 6 7 8 |  8.1
Hexes          | 4 5 6 7 8 |  8.4
Evocations     | 1 |  1.9
Dodging        | |  1.5

Action                     |  1- 3 |  4- 6 |  7- 9 | 10-12 || total
---------------------------+-------+-------+-------+-------++-------
  Melee: Dagger            |   111 |   131 |   367 |    57 ||   666
         Bite              |    17 |    33 |   121 |    14 ||   185
   Cast: Ensorcelled Hiber |     4 |     8 |    31 |    21 ||    64
         Tukima's Dance    |       |     3 |     9 |       ||    12
         Confusing Touch   |       |       |     3 |       ||     3
    Use: Potion            |       |       |       |     1 ||     1
   Stab: Sleeping          |    11 |    13 |    28 |    13 ||    65
         Confused          |       |       |     2 |       ||     2
 Armour: Robe              |    50 |    62 |   240 |    63 ||   415
  Dodge: Dodged            |    55 |    78 |   269 |    45 ||   447

Table legend: (Time is in decaauts)
 A = Elapsed time spent in this place.
 B = Non-inter-level travel time spent in this place.
 C = Inter-level travel time spent in this place.
 D = Time resting spent in this place.
 E = Time spent auto-exploring this place.
 F = Levels seen in this place.
 G = Mean time per level.
                   A        B        C        D        E       F      G
               +--------+--------+--------+--------+--------+-----+--------+
         Total |   6714 |   6180 |    534 |     17 |   4145 |  10 |  671.4 |
       Dungeon |   6333 |   5830 |    503 |      0 |   4086 |   7 |  904.7 |
        Temple |     64 |     33 |     31 |      0 |      0 |   1 |   64.0 |
         Sewer |    126 |    126 |      0 |      0 |     31 |   1 |  126.0 |
        Bailey |    189 |    189 |      0 |     17 |     28 |   1 |  189.0 |
               +--------+--------+--------+--------+--------+-----+--------+

Top non-repeatable levels by time:
     D:5: 1691 daAuts
     D:4: 1216 daAuts
     D:2: 976 daAuts
     D:3: 829 daAuts
     D:1: 790 daAuts
     D:6: 617 daAuts
     D:7: 211 daAuts
  Bailey: 189 daAuts
   Sewer: 126 daAuts
  Temple: 64 daAuts
